 Dungeon Crawl Stone Soup version 0.28.0-45-g0d030f2227 (webtiles) character file.

Game seed: 9558861432420113071

268558 Sobaton the Hoplite (level 19, -2/212 HPs)
             Began as a Minotaur Fighter on Mar 31, 2022.
             Was the Champion of Okawaru.
             Slain by an Executioner (4 damage)
             ... summoned by a deep elf demonologist
             ... on level 3 of the Elven Halls.
             The game lasted 02:07:12 (36911 turns).

Sobaton the Hoplite (Minotaur Fighter)             Turns: 36911, Time: 02:07:13

Health: -2/212     AC: 33    Str: 33    XL:     19   Next: 38%
Magic:  22/22      EV: 14    Int: 15    God:    Okawaru [******]
Gold:   2657       SH: 27    Dex: 15    Spells: 18/18 levels left

rFire   + + .      SeeInvis .   c - +7 broad axe of Laceration {drain, Fly Str-3 Int+6}
rCold   + + .      Faith    .   g - +3 tower shield
rNeg    + + +      Spirit   .   O - +13 plate armour of Cesurch {+Inv rC+ Will+ Dex+3}
rPois   +          Reflect  .   (helmet restricted)
rElec   +          Harm     .   C - scarf {rC+ rF+}
rCorr   +          Rampage  .   N - +1 pair of gloves of Elyvilon's Approval {Fly rC- rN++ Regen+}
Will    ++...      Rnd*Tele +   B - +0 pair of boots "Ynaddam" {rC- Str+6 Int+4}
Stlth   ..........              M - amulet "Somnoa" {RegenMP rC+ rN+ Str+3}
HPRegen 1.25/turn               a - +4 ring of protection
MPRegen 0.58/turn               f - +4 ring of slaying

@: resistant, flying, studying Summonings
A: horns 2, retaliatory headbutt, fangs 1, iridescent scales 1, robust 1,
teleportitis 1
}: 2/15 runes: serpentine, barnacled
a: Renounce Religion, Evoke Invisibility, Heroism, Finesse, Duel


You were on level 3 of the Elven Halls.
You worshipped Okawaru.
Okawaru was exalted by your worship.
You visited 7 branches of the dungeon, and saw 35 of its levels.
You visited the Abyss 1 time.

You collected 4833 gold pieces.
You spent 2176 gold pieces at shops.

Inventory:

Hand Weapons
 c - the +7 broad axe of Laceration (weapon) {drain, Fly Str-3 Int+6}
   (You acquired it on level 8 of the Dungeon)

   A truly terrible weapon, it drains the life of any living foe it strikes.
   Str:       It affects your strength (-3).
   Int:       It affects your intelligence (+6).
   Fly:       It grants you flight.
 x - a +5 antimagic broad axe
 W - a +5 demon trident of electrocution
Missiles
 k - a silver boomerang (quivered)
Armour
 g - a +3 tower shield (worn)
 B - the +0 pair of boots "Ynaddam" (worn) {rC- Str+6 Int+4}
   (You found it on level 10 of the Dungeon)

   Str:       It affects your strength (+6).
   Int:       It affects your intelligence (+4).
   rC:        It makes you vulnerable to cold.
 C - a scarf of resistance (worn)
 N - the +1 pair of gloves of Elyvilon's Approval (worn) {Fly rC- rN++ Regen+}
   (You found it on level 6 of the Lair of Beasts)

   rC:        It makes you vulnerable to cold.
   rN:        It greatly protects you from negative energy.
   Fly:       It grants you flight.
   Regen:     It increases your rate of health regeneration.
 O - the +13 plate armour of Cesurch (worn) {+Inv rC+ Will+ Dex+3}
   (You bought it in a shop on level 2 of the Orcish Mines)

   Dex:       It affects your dexterity (+3).
   rC:        It protects you from cold.
   +Inv:      It lets you turn invisible.
   Will:      It increases your willpower.
Jewellery
 a - a +4 ring of protection (left hand)
 f - a +4 ring of slaying (right hand)
 h - a ring of positive energy
 M - the amulet "Somnoa" (around neck) {RegenMP rC+ rN+ Str+3}
   (You found it on level 3 of the Lair of Beasts)

   [amulet of magic regeneration]

   It increases your rate of magic regeneration.
   Str:       It affects your strength (+3).
   rC:        It protects you from cold.
   rN:        It protects you from negative energy.
 T - a ring of see invisible
 X - an amulet of regeneration
Wands
 e - a wand of mindburst (17)
 l - a wand of iceblast (22)
 o - a wand of acid (6)
 q - a wand of polymorph (14)
 s - a wand of paralysis (22)
 G - a wand of flame (28)
 I - a wand of digging (16)
Scrolls
 b - 5 scrolls of blinking
 u - 3 scrolls of fog
 v - a scroll of amnesia
 z - 15 scrolls of identify
 D - 7 scrolls of teleportation
 E - 4 scrolls of fear
 L - 4 scrolls of magic mapping
 U - 2 scrolls of holy word
Potions
 d - 2 potions of might
 i - a potion of cancellation
 j - 9 potions of flight
 p - 4 potions of resistance
 r - 3 potions of curing
 t - 4 potions of ambrosia
 w - 4 potions of invisibility
 J - 3 potions of mutation
 R - 2 potions of magic
 V - 5 potions of brilliance
Miscellaneous
 A - a lightning rod (4/4)
 H - a lightning rod (4/4)
 P - a piece from Xom's chessboard (15/15)


   Skills:
 * Level 22.4 Fighting
 * Level 19.7 Axes
 - Level 0.6 Throwing
 - Level 3.6 Armour
 * Level 13.9 Dodging
 - Level 25.2 Shields
 * Level 6.1 Invocations
 + Level 2.6 Evocations


You had 18 spell levels left.
You didn't know any spells.
Your spell library contained the following spells:

 Spells                   Type           Power      Damage    Failure   Level
 Apportation              Tloc           0%         N/A       95%         1
 Beastly Appendage        Tmut           0%         N/A       95%         1
 Foxfire                  Conj/Fire      0%         2x1d4     95%         1
 Freeze                   Ice            0%         1d3       95%         1
 Corpse Rot               Necr/Air       0%         N/A       99%         2
 Ensorcelled Hibernation  Hex/Ice        0%         N/A       99%         2
 Passwall                 Tmut/Erth      0%         N/A       99%         2
 Poisonous Vapours        Pois/Air       0%         N/A       99%         2
 Scorch                   Fire           0%         2d5       99%         2
 Sublimation of Blood     Necr           0%         N/A       99%         2
 Wereblood                Tmut           0%         N/A       99%         2
 Conjure Flame            Conj/Fire      0%         6-21      100%        3
 Frozen Ramparts          Ice            0%         1d2       100%        3
 Inner Flame              Hex/Fire       0%         N/A       100%        3
 Spider Form              Tmut/Pois      0%         N/A       100%        3
 Stone Arrow              Conj/Erth      0%         3d7       100%        3
 Swiftness                Air            0%         N/A       100%        3
 Flame Wave               Conj/Fire      0%         2d4       100%        4
 Hailstorm                Conj/Ice       0%         3d3       100%        4
 Ice Form                 Ice/Tmut       0%         N/A       100%        4
 Freezing Cloud           Conj/Ice/Air   0%         6-21      100%        5
 Iron Shot                Conj/Erth      0%         9d1       100%        6
 Animate Skeleton         Necr           Unusable   N/A       N/A         1
 Summon Small Mammal      Summ           Unusable   N/A       N/A         1
 Summon Ice Beast         Ice/Summ       Unusable   N/A       N/A         4
 Summon Cactus Giant      Summ           Unusable   N/A       N/A         6
 Summon Hydra             Summ           Unusable   N/A       N/A         7

Dungeon Overview and Level Annotations

Branches:
Dungeon (15/15)            Temple (1/1) D:6            Lair (6/6) D:9
 Shoals (4/4) Lair:4        Snake (4/4) Lair:4        Slime (0/5) Lair:6
    Orc (2/2) D:10            Elf (3/3) Orc:2        Vaults (0/5) D:13
 Depths (0/4) D:15

Altars:
Cheibriados
Dithmenos
Elyvilon
Gozag
Hepliaklqana
Kikubaaqudgha
Makhleb
Okawaru
Qazlal
Ru
Sif Muna
Uskayaw
Vehumet
Wu Jian
Xom
Yredelemnul
Zin
The Shining One
Beogh
Jiyva

Shops:
D:5 *   D:9 *   Orc:2 *?[[[   Elf:1 !   Elf:3 (   Shoals:1 *!=*   Shoals:3 ::
Snake:2 :=:   Snake:3 =*:(   Snake:4 *?(

Portals:
Trove: Elf:1 (show slimy rune of Zot)


Innate Abilities, Weirdness & Mutations

You have a pair of horns on your head.
You reflexively headbutt those who attack you in melee.
You have very sharp teeth.
You are partially covered in iridescent scales. (AC +2)
You are robust. (+10% HP)
You are occasionally teleported next to monsters.


Message History

You feel better.
You feel less invigorated. You block the Executioner's attack. x2
The Executioner hits you but does no damage.
The Executioner hits you!
* * * LOW HITPOINT WARNING * * *
The Executioner hits you.
* * * LOW HITPOINT WARNING * * *
The Executioner hits you but does no damage.
You block the Executioner's attack. x3
You miss the Executioner.
You headbutt the Executioner, but do no damage.
The Executioner is heavily wounded.
You block the Executioner's attack. x2
The Executioner hits you but does no damage. x4
You slash the Executioner!
The Executioner is severely wounded.
The Executioner barely misses you. You block the Executioner's attack. x3
The Executioner hits you but does no damage. x2
You slice the Ice Fiend!!
You headbutt the Ice Fiend, but do no damage.
The Ice Fiend is moderately wounded.
You slice the Executioner!!
You hear a shout! x4
The Ice Fiend disappears in a puff of smoke!
You block the Executioner's attack. x2
The Executioner hits you but does no damage.
The Executioner hits you!
* * * LOW HITPOINT WARNING * * *
The Executioner hits you.
* * * LOW HITPOINT WARNING * * *
You block the Executioner's attack.
The Executioner hits you but does no damage.
The Executioner barely misses you.
The Executioner hits you but does no damage.
You completely miss the Executioner. You headbutt the Executioner.
Your bite misses the Executioner.
The Executioner is almost dead.
You block the Executioner's attack. x4
The Executioner hits you but does no damage.
The Executioner hits you.
You die...

+##...##'#######+#
......)......... .
..)..$.[.(......
#######.########
...# ##.## .....#
##...##
..⌠...##.§§§§##
#.....##.§e§§§§##
##...##... #@e§.##
.##..e.###1§..# ..
#.. #....#e§§.##
5##..
..##..○☼§..##
5ee3.......§§§☼§##
5eee.....e.#.§☼##
##ee#55...#..##2##
#ee{e# .##.. ###
e2e*.## #..


You could see an Executioner (summoned, fast), a deep elf elementalist (fast,
repels missiles) and a deep elf demonologist.

Vanquished Creatures
  Mara (Shoals:4)
  Nikola (Elf:2)
  Jorgrun (Shoals:1)
  2 deep elf blademasters (Elf:3)
  An acid blob (Lair:6)
  Polyphemus (Shoals:4)
  The ghost of ouz the Warrior, an adept DsBe of Trog (Shoals:2)
  Gastronok (D:11)
  Kirke (D:13)
  A storm dragon (Shoals:4)
  3 nagarajas (Snake:4)
  A fire giant (D:15)
  5 rockslimes (Lair:6)
  An azure jelly (Lair:6)
  A balrug (Abyss:2)
  Louise (Shoals:1)
  3 deep elf sorcerers
  A quicksilver ooze (Lair:4)
  A deep elf demonologist (Elf:3)
  The ghost of Meat the Tainter, a journeyman NaVM of Okawaru (Orc:2)
  Nessos (Orc:2)
  Azrael (Elf:2)
  A deep elf annihilator (Elf:3)
  4 merfolk javelineers (Shoals:4)
  A mummy priest (Elf:1)
  10 merfolk impalers
  A deep elf death mage (Elf:1)
  Josephine (Lair:4)
  A deep elf high priest (Elf:1)
  8 hydras
  2 great orbs of eyes
  Erolcha (Orc:2)
  2 ogre magi
  Harold (D:11)
  14 naga warriors
  2 boulder beetles
  4 salamander tyrants (Snake:4)
  A catoblepas (Shoals:4)
  7 centaur warriors
  5 merfolk aquamancers
  A merfolk avatar (Shoals:3)
  10 anacondas
  29 dancing weapons
  8 death yaks
  A death knight (D:13)
  An alligator snapping turtle (Shoals:4)
  2 satyrs
  10 two-headed ogres
  2 tengu warriors
  A thrashing horror (Abyss:2)
  14 naga sharpshooters
  5 shock serpents
  A sun demon (Abyss:2)
  5 orc high priests
  11 deep elf knights
  7 salamander mystics
  6 skeletal warriors
  15 sea snakes
  8 deep elf archers
  2 shadow demons (Elf:1)
  Pikel (D:6)
  7 naga ritualists
  5 large abominations (Abyss:2)
  A phantasmal warrior (D:13)
  23 deep elf zephyrmancers
  An oklob plant (Lair:4)
  10 orc knights
  12 ugly things
  21 deep elf pyromancers
  2 wolf spiders (Lair:6)
  4 orc sorcerers (Orc:2)
  9 mana vipers
  8 cyclopes
  6 fauns
  10 salamanders
  11 manticores
  A naga zombie (Abyss:2)
  8 elephants
  10 merfolk sirens
  2 worldbinders (Abyss:2)
  A torpor snail (Lair:5)
  An ice statue (D:11)
  6 guardian serpents
  Maurice (D:11)
  3 gargoyles
  16 naga magi
  33 black mambas
  2 orange demons (Abyss:2)
  11 water nymphs
  20 cane toads
  3 unseen horrors
  A yaktaur (shapeshifter) (D:13)
  5 komodo dragons
  A tengu conjurer (D:14)
  2 kobold demonologists (Elf:1)
  2 rime drakes
  An ancient zyme (Abyss:2)
  3 trolls
  3 meliai (D:13)
  10 polar bears
  8 merfolk
  2 hornets (Lair:6)
  7 wind drakes
  21 dream sheep
  8 slime creatures
  5 blink frogs (Lair:4)
  4 raiju (Abyss:2)
  6 snapping turtles
  7 air elementals (Shoals:4)
  A culicivora (shapeshifter) (Elf:2)
  53 yaks
  11 wraiths
  3 shadows
  14 wyverns
  A centaur simulacrum (D:14)
  22 water elementals
  Grum (D:11)
  A basilisk (D:13)
  5 hogs (D:13)
  3 fire elementals
  A neqoxec (Abyss:2)
  4 golden eyes (Abyss:2)
  2 redbacks (Lair:6)
  6 wargs
  3 steam dragons
  43 nagas
  29 water moccasins
  5 acid dragons
  22 hell hounds
  An ice beast (D:5)
  A sky beast (D:5)
  21 orc warriors
  2 necrophages
  14 black bears
  8 ogres
  2 boggarts (Elf:1)
  22 wolves
  4 lemures (D:6)
  14 centaurs
  3 phantoms
  3 small abominations (Abyss:2)
  2 earth elementals
  A wyvern zombie (D:7)
  7 bullfrogs
  2 gnoll sergeants
  3 scorpions
  9 killer bees
  An electric eel (Snake:2)
  8 wights
  6 howler monkeys
  3 centaur zombies
  6 hounds
  11 jellies
  5 centaur skeletons
  A gnoll shaman (D:8)
  19 orc priests
  An iron imp (Abyss:2)
  2 bullfrog skeletons
  25 orc wizards
  A scorpion zombie (D:5)
  A killer bee zombie (D:8)
  A hound skeleton (D:5)
  16 gnolls
  2 howler monkey zombies
  8 adders
  A shadow imp (D:6)
  4 white imps
  2 ufetubi
  An adder skeleton (D:4)
  An adder zombie (D:5)
  4 worms
  2 dart slugs
  81 orcs
  9 endoplasms
  4 giant cockroaches
  6 goblins
  6 hobgoblins
  10 jackals
  4 kobolds
  7 quokkas
  6 ball pythons
  6 bats
  5 frilled lizards
  6 rats
1212 creatures vanquished.

Vanquished Creatures (others)
  A deep elf knight (Elf:2)
  A deep elf zephyrmancer (Elf:1)
  A salamander (Snake:4)
  53 fungi
  163 plants
  2 starspawn tentacles (Abyss:2)
  2 withered plants (D:9)
223 creatures vanquished.

Grand Total: 1435 creatures vanquished

Notes
Turn   | Place    | Note
-------+----------+-------------------------------------------
     0 | D:1      | Sobaton the Minotaur Fighter began the quest for the Orb.
     0 | D:1      | Reached XP level 1. HP: 19/19 MP: 0/0
    90 | D:1      | Reached XP level 2. HP: 27/27 MP: 1/1
   178 | D:1      | You fall into a shaft and drop 1 floor!
   184 | D:2      | Reached skill level 4 in Shields
   306 | D:1      | Found a faded altar of an unknown god.
   379 | D:1      | Reached XP level 3. HP: 28/33 MP: 2/2
   693 | D:2      | Reached skill level 1 in Dodging
  1300 | D:3      | Reached XP level 4. HP: 40/40 MP: 3/3
  1986 | D:3      | Gained mutation: You are partially covered in iridescent
                  | scales. (AC +2) [potion of mutation]
  1986 | D:3      | Gained mutation: You are occasionally teleported next to
                  | monsters. [potion of mutation]
  1986 | D:3      | Gained mutation: You have very sharp teeth. [potion of
                  | mutation]
  1986 | D:3      | Gained mutation: You are robust. (+10% HP) [potion of
                  | mutation]
  2040 | D:4      | Reached XP level 5. HP: 51/51 MP: 4/4
  2166 | D:4      | Reached skill level 5 in Axes
  2255 | D:4      | Noticed a black bear
  2259 | D:4      | Killed a black bear
  2260 | D:4      | Reached XP level 6. HP: 60/60 MP: 5/5
  2307 | D:4      | Found a hide-covered altar of Uskayaw.
  2474 | D:4      | Reached skill level 5 in Shields
  2493 | D:4      | Reached skill level 5 in Fighting
  2713 | D:5      | Entered Level 5 of the Dungeon
  2785 | D:5      | Found a shimmering blue altar of Sif Muna.
  2785 | D:5      | Found a white marble altar of Elyvilon.
  2793 | D:5      | Found a radiant altar of Vehumet.
  2811 | D:5      | Found Inifyuc's Mass Market.
  2812 | D:5      | Noticed a sky beast
  2813 | D:5      | Found a glowing silver altar of Zin.
  2821 | D:5      | Killed a sky beast
  2822 | D:5      | Reached XP level 7. HP: 61/67 MP: 6/6
  2856 | D:5      | Bought a +0 tower shield for 49 gold pieces
  3325 | D:5      | Reached skill level 6 in Shields
  3419 | D:5      | Reached XP level 8. HP: 77/77 MP: 7/7
  3744 | D:6      | Reached skill level 7 in Shields
  3884 | D:6      | Noticed Pikel
  3918 | D:6      | Killed Pikel
  3919 | D:6      | Reached skill level 8 in Shields
  4217 | D:6      | Reached XP level 9. HP: 85/85 MP: 8/8
  4485 | D:6      | Reached skill level 10 in Axes
  4539 | D:6      | Found a staircase to the Ecumenical Temple.
  4546 | Temple   | Entered the Ecumenical Temple
  4558 | Temple   | Became a worshipper of Warmaster Okawaru
  4993 | D:7      | Found an ornate altar of the Wu Jian Council.
  5110 | D:7      | Found a snail-covered altar of Cheibriados.
  5195 | D:7      | Reached * piety under Okawaru
  5202 | D:7      | Reached skill level 9 in Shields
  6551 | D:8      | Reached skill level 5 in Dodging
  6650 | D:8      | Found a shimmering altar of Xom.
  6666 | D:8      | Killed an unseen horror
  6666 | D:8      | Reached ** piety under Okawaru
  6692 | D:8      | Found a hazy altar of Hepliaklqana.
  6692 | D:8      | Found an opulent altar of Gozag.
  6693 | D:8      | Found a stormy altar of Qazlal.
  6697 | D:8      | Reached skill level 10 in Shields
  6697 | D:8      | Reached XP level 10. HP: 79/96 MP: 9/9
  7115 | D:8      | Identified a scroll of acquirement
  7115 | D:8      | Acquired the +7 broad axe of Laceration {drain, Fly Str-3
                  | Int+6}
  7165 | D:9      | Found an ancient bone altar of Kikubaaqudgha.
  7447 | D:9      | Found a staircase to the Lair.
  7587 | D:9      | Reached *** piety under Okawaru
  7675 | D:9      | Found Usom's Elemental Accessories.
  8234 | D:9      | Reached skill level 11 in Shields
  8355 | D:10     | Entered Level 10 of the Dungeon
  8627 | D:10     | Found a staircase to the Orcish Mines.
  8637 | D:10     | Reached **** piety under Okawaru
  8999 | D:10     | Noticed a gargoyle
  9002 | D:10     | Killed a gargoyle
  9027 | D:10     | Noticed a gargoyle
  9032 | D:10     | Killed a gargoyle
  9033 | D:10     | Reached XP level 11. HP: 106/106 MP: 10/10
  9058 | D:10     | Identified the +0 pair of boots "Ynaddam" {rC- Str+6 Int+4}
  9147 | D:10     | Reached ***** piety under Okawaru
  9587 | D:10     | Found a sacrificial altar of Ru.
  9709 | D:11     | Noticed Grum
  9727 | D:11     | Killed Grum
 10018 | D:11     | Reached skill level 12 in Shields
 10781 | D:11     | Noticed Harold
 10796 | D:11     | Killed Harold
 10796 | D:11     | Identified the +1 robe "Egakh" {rPois rC+ Dex+3} (Okawaru
                  | gifted it to you on level 11 of the Dungeon)
 10796 | D:11     | Received a gift from Okawaru
 10974 | D:11     | Noticed Maurice
 10974 | D:11     | Noticed Gastronok
 10984 | D:11     | Killed Maurice
 10997 | D:11     | Killed Gastronok
 11447 | Lair:1   | Entered Level 1 of the Lair of Beasts
 11466 | Lair:1   | Reached skill level 10 in Fighting
 11469 | Lair:1   | Reached skill level 15 in Axes
 11833 | Lair:1   | Noticed a four-headed hydra
 11873 | Lair:1   | Killed a 12-headed hydra
 11874 | Lair:1   | Reached skill level 13 in Shields
 11874 | Lair:1   | Reached XP level 12. HP: 51/116 MP: 11/11
 12974 | Lair:2   | Noticed a seven-headed hydra
 12994 | Lair:2   | Killed a 13-headed hydra
 12994 | Lair:2   | Received a gift from Okawaru
 13897 | Lair:3   | Identified the amulet "Somnoa" {RegenMP rC+ rN+ Str+3}
 13916 | Lair:3   | Reached skill level 14 in Shields
 14015 | Lair:3   | Reached skill level 1 in Evocations
 14107 | Lair:3   | Noticed a five-headed hydra
 14116 | Lair:3   | Killed a five-headed hydra
 14577 | Lair:4   | Noticed Josephine
 14582 | Lair:4   | Reached ****** piety under Okawaru
 14587 | Lair:4   | Killed Josephine
 14605 | Lair:4   | Received a gift from Okawaru
 14636 | Lair:4   | Noticed a death yak
 14638 | Lair:4   | Noticed a death yak
 14645 | Lair:4   | Killed a death yak
 14648 | Lair:4   | Killed a death yak
 14649 | Lair:4   | Noticed a death yak
 14651 | Lair:4   | Noticed a death yak
 14651 | Lair:4   | Noticed a death yak
 14653 | Lair:4   | Noticed a death yak
 14664 | Lair:4   | Noticed a boulder beetle
 14671 | Lair:4   | Killed a death yak
 14672 | Lair:4   | Reached XP level 13. HP: 111/127 MP: 12/12
 14854 | Lair:4   | Noticed a quicksilver ooze
 14854 | Lair:4   | an eight-headed hydra changed into a quicksilver ooze
 14859 | Lair:4   | Killed a quicksilver ooze
 14859 | Lair:4   | Received a gift from Okawaru
 15050 | Lair:4   | Found a glowing golden altar of the Shining One.
 15162 | Lair:4   | Found a staircase to the Snake Pit.
 15242 | Lair:4   | Found a staircase to the Shoals.
 15605 | Lair:5   | You are sucked into a shaft and drop 1 floor!
 15605 | Lair:6   | Entered Level 6 of the Lair of Beasts
 15613 | Lair:6   | Reached skill level 15 in Shields
 15744 | Lair:6   | Found a viscous altar of Jiyva.
 15745 | Lair:6   | Found a staircase to the Slime Pits.
 15971 | Lair:5   | Found a stormy altar of Qazlal.
 16220 | Lair:5   | Identified the +4 plate armour "Qesiotof" {Slay+3} (Okawaru
                  | gifted it to you on level 5 of the Lair of Beasts)
 16220 | Lair:5   | Received a gift from Okawaru
 16729 | Lair:6   | Reached XP level 14. HP: 128/141 MP: 13/13
 17191 | Lair:6   | Reached skill level 16 in Shields
 17625 | Lair:6   | Noticed a rockslime
 17637 | Lair:6   | Killed a rockslime
 17653 | Lair:6   | Noticed an acid blob
 17654 | Lair:6   | Noticed a rockslime
 17662 | Lair:6   | Killed an acid blob
 17666 | Lair:6   | Killed a rockslime
 17666 | Lair:6   | Received a gift from Okawaru
 17705 | Lair:6   | Noticed a rockslime
 17715 | Lair:6   | Killed a rockslime
 18151 | Lair:6   | Found a viscous altar of Jiyva.
 18153 | Lair:6   | Noticed a rockslime
 18153 | Lair:6   | Noticed an azure jelly
 18163 | Lair:6   | Killed a rockslime
 18164 | Lair:6   | Reached skill level 10 in Dodging
 18166 | Lair:6   | Killed an azure jelly
 18167 | Lair:6   | Reached skill level 17 in Shields
 18537 | Lair:6   | Identified the +1 pair of gloves of Elyvilon's Approval
                  | {Fly rC- rN++ Regen+}
 18751 | Lair:6   | Noticed a rockslime
 18759 | Lair:6   | Killed a rockslime
 19584 | Orc:1    | Entered Level 1 of the Orcish Mines
 19854 | Orc:2    | Entered Level 2 of the Orcish Mines
 19854 | Orc:2    | Noticed Meat's ghost (journeyman NaVM)
 19854 | Orc:2    | Identified the +7 chain mail of Ghostly Birdsong {-Tele
                  | Regen+ Slay+3}
 19854 | Orc:2    | Found a runed translucent gate.
 19854 | Orc:2    | Found a runed translucent gate.
 19854 | Orc:2    | Found a runed translucent gate.
 19866 | Orc:2    | Found Wireloss's Mayhem Merchandise.
 19868 | Orc:2    | Noticed Erolcha
 19869 | Orc:2    | Noticed Nessos
 19879 | Orc:2    | Killed Erolcha
 19880 | Orc:2    | Reached skill level 15 in Fighting
 19890 | Orc:2    | Killed Nessos
 20118 | Orc:2    | Found a burning altar of Makhleb.
 20136 | Orc:2    | Found a staircase to the Elven Halls.
 20345 | Orc:2    | Found Cyuch's Magic Scroll Emporium.
 20358 | Orc:2    | Reached XP level 15. HP: 91/155 MP: 14/14
 20368 | Orc:2    | Identified the +6 quick blade of Pain and Death {vorpal,
                  | Dex+3} (Okawaru gifted it to you on level 2 of the Orcish
                  | Mines)
 20368 | Orc:2    | Received a gift from Okawaru
 20391 | Orc:2    | Found Hehif's Antique Armour Boutique.
 20481 | Orc:2    | Found Waokent's Armour Boutique.
 20483 | Orc:2    | Found Wearr's Antique Armour Emporium.
 20514 | Orc:2    | Bought a scroll of blinking for 97 gold pieces
 20514 | Orc:2    | Bought a scroll of fear for 45 gold pieces
 20514 | Orc:2    | Bought a scroll of teleportation for 39 gold pieces
 20524 | Orc:2    | Bought the +13 plate armour of Cesurch {+Inv rC+ Will+
                  | Dex+3} for 1143 gold pieces
 20629 | Orc:2    | Killed Meat's ghost
 21018 | D:12     | Reached skill level 18 in Shields
 21419 | D:13     | Identified the +9 hand axe "Hoiblaig" {flame, Drain +Blink
                  | Int-2 SInv} (Okawaru gifted it to you on level 13 of the
                  | Dungeon)
 21419 | D:13     | Received a gift from Okawaru
 21608 | D:13     | Noticed Kirke
 21618 | D:13     | Killed Kirke
 21924 | D:13     | Identified the amulet "Xiefedoutz" {Reflect rElec Int+4
                  | SH+5}
 21956 | D:13     | Found a gate to the Vaults.
 22227 | D:13     | Identified the -5 hat "Coefo" {rCorr} (Okawaru gifted it to
                  | you on level 13 of the Dungeon)
 22227 | D:13     | Received a gift from Okawaru
 22912 | D:14     | Found a gate leading to a gauntlet.
 23240 | D:15     | Entered Level 15 of the Dungeon
 23271 | D:15     | Reached skill level 19 in Shields
 23303 | D:15     | Noticed a fire giant
 23316 | D:15     | Killed a fire giant
 23330 | D:15     | Reached XP level 16. HP: 81/170 MP: 15/15
 23493 | D:15     | Found a staircase to the Depths.
 24640 | Shoals:1 | Entered Level 1 of the Shoals
 24640 | Shoals:1 | Noticed Louise
 24648 | Shoals:1 | Identified the +10 plate armour of the Equator {rN+}
                  | (Okawaru gifted it to you on level 1 of the Shoals)
 24648 | Shoals:1 | Received a gift from Okawaru
 24648 | Shoals:1 | Noticed Jorgrun
 24696 | Shoals:1 | Killed Jorgrun
 24711 | Shoals:1 | Cast into level 2 of the Abyss (Louise)
 25102 | Abyss:2  | Noticed a tentacled starspawn
 25110 | Shoals:1 | Escaped the Abyss
 25124 | Shoals:1 | Killed Louise
 25125 | Shoals:1 | Reached skill level 20 in Shields
 25238 | Shoals:1 | Found Cami Piluf's Jewellery Emporium.
 25349 | Shoals:1 | Found Ykhuth's Distillery.
 25372 | Shoals:1 | Found Pamean's Assorted Antiques.
 25392 | Shoals:1 | Bought a potion of haste for 110 gold pieces
 25392 | Shoals:1 | Bought a potion of resistance for 110 gold pieces
 25392 | Shoals:1 | Bought a potion of resistance for 110 gold pieces
 25392 | Shoals:1 | Bought a potion of resistance for 110 gold pieces
 25405 | Shoals:1 | Bought a scroll of identify for 76 gold pieces
 25526 | Shoals:1 | Found Oxtosmie's Assorted Antiques.
 25779 | Shoals:1 | Bought a potion of might for 152 gold pieces
 26039 | Shoals:2 | Acquired 1141 gold pieces
 26046 | Shoals:3 | Found Nyith's Book Boutique.
 26472 | Shoals:3 | Found Tax Adao's Book Shoppe.
 26531 | Shoals:4 | Entered Level 4 of the Shoals
 26550 | Shoals:4 | Paralysed by an air elemental for 1 turns
 26552 | Shoals:4 | Paralysed by an air elemental for 1 turns
 26582 | Shoals:4 | Paralysed by an air elemental for 1 turns
 26592 | Shoals:4 | Reached skill level 21 in Shields
 26707 | Shoals:4 | Identified the +1 scale mail of the Gate {rPois rF+++ Int-2
                  | Dex-3} (Okawaru gifted it to you on level 4 of the Shoals)
 26707 | Shoals:4 | Received a gift from Okawaru
 26723 | Shoals:4 | Noticed Mara
 26758 | Shoals:4 | Noticed Sobaton's illusion
 26984 | Shoals:4 | Noticed Sobaton's illusion
 27142 | Shoals:4 | Noticed a storm dragon
 27150 | Shoals:4 | Reached XP level 17. HP: 184/184 MP: 16/16
 27330 | Shoals:4 | Noticed Polyphemus
 27364 | Shoals:4 | Killed Polyphemus
 27441 | Shoals:4 | Reached skill level 1 in Invocations
 27476 | Shoals:4 | Paralysed by an air elemental for 1 turns
 27537 | Shoals:4 | Paralysed by an air elemental for 1 turns
 27680 | Shoals:4 | Noticed Sobaton's illusion
 27708 | Shoals:4 | Killed Mara
 27708 | Shoals:4 | Received a gift from Okawaru
 27862 | Shoals:4 | Found the +2 cloak of the Thief {*Fog Slay-2 SInv Stlth+}
 27888 | Shoals:4 | Got a barnacled rune of Zot
 27996 | Shoals:2 | Found a runed translucent door.
 27996 | Shoals:2 | Noticed ouz's ghost (adept DsBe)
 28028 | Shoals:2 | Killed ouz's ghost
 28029 | Shoals:2 | Reached skill level 22 in Shields
 28185 | Snake:1  | Entered Level 1 of the Snake Pit
 28567 | Snake:1  | Received a gift from Okawaru
 29009 | Snake:2  | Received a gift from Okawaru
 29205 | Snake:2  | Reached skill level 23 in Shields
 29853 | Snake:2  | Found Ojiplokh's Book Boutique.
 29853 | Snake:2  | Found Loud's Jewellery Emporium.
 29854 | Snake:2  | Found Kukhobu's Book Boutique.
 30380 | Snake:3  | Found Ycamn's Book Shop.
 30380 | Snake:3  | Found Ohya's General Store.
 30383 | Snake:3  | Found Gaqobolu's Weapon Shop.
 30384 | Snake:3  | Found Fivu's Jewellery Boutique.
 30530 | Snake:3  | Reached XP level 18. HP: 198/198 MP: 19/19
 31979 | Snake:4  | Entered Level 4 of the Snake Pit
 32266 | Snake:4  | Received a gift from Okawaru
 32986 | Snake:4  | Reached skill level 24 in Shields
 33152 | Snake:4  | Got a serpentine rune of Zot
 33384 | Snake:4  | Found Jirchigg's Antique Weapon Boutique.
 33386 | Snake:4  | Found Locul's Magic Scroll Shop.
 33388 | Snake:4  | Found Vopane Qiroh's Assorted Antiques.
 33394 | Snake:4  | Bought a scroll of enchant armour for 135 gold pieces
 34421 | Elf:1    | Entered Level 1 of the Elven Halls
 34490 | Elf:1    | Received a gift from Okawaru
 34497 | Elf:1    | Found Fourphul's Distillery.
 34683 | Elf:1    | Reached skill level 5 in Invocations
 35052 | Elf:1    | Found a shimmering blue altar of Sif Muna.
 35058 | Elf:1    | Identified the -5 hat of Ennui {rElec Str+2 Int+2 Slay-6}
                  | (Okawaru gifted it to you on level 1 of the Elven Halls)
 35058 | Elf:1    | Received a gift from Okawaru
 35080 | Elf:1    | Paralysed by an air elemental for 1 turns
 35134 | Elf:1    | Identified the amulet "Biweanimm" {RegenMP rN++ Dex-4}
 35469 | Elf:1    | Got the Handbook of Attacks
 35495 | Elf:1    | Found a portal to a secret trove of treasure.
 35804 | Elf:2    | Noticed Azrael
 35824 | Elf:2    | Killed Azrael
 35932 | Elf:2    | Noticed Nikola
 35950 | Elf:2    | Killed Nikola
 35951 | Elf:2    | Reached XP level 19. HP: 67/210 MP: 22/22
 35962 | Elf:2    | Reached skill level 25 in Shields
 35970 | Elf:2    | Found a runed translucent gate.
 35970 | Elf:2    | Found a runed translucent gate.
 36136 | Elf:2    | Found a runed translucent gate.
 36806 | Elf:3    | Entered Level 3 of the Elven Halls
 36820 | Elf:3    | Received a gift from Okawaru
 36821 | Elf:3    | Found the +14 obsidian axe {vorpal, Mesm Drain Fly SInv}
 36822 | Elf:3    | Noticed a Tzitzimitl
 36843 | Elf:3    | Found Otoa's Weapon Emporium.
 36891 | Elf:3    | Identified the +1 robe "Ivua" {Rampage rElec}
 36899 | Elf:3    | HP: 5/212 [Ice Fiend/bolt of cold[a deep elf demonologist]
                  | (15)]
 36901 | Elf:3    | HP: 1/212 [Executioner[a deep elf demonologist] (6)]
 36907 | Elf:3    | HP: 10/212 [Executioner[a deep elf demonologist] (5)]
 36910 | Elf:3    | HP: 2/212 [Executioner[a deep elf demonologist] (10)]
 36911 | Elf:3    | Slain by an Executioner

Illustrated notes

Levels and vault maps discovered:
D:1:      mainiacjoe_arrival_reflecting_pool, layout_rooms,
          hellmonk_ecumenical_altar_inner_sanctum,
          hangedman_decor_diamond_cutter
D:2:      layout_rooms, minmay_circle_x
D:3:      layout_loops_corners
D:4:      layout_loops_ring, lemuel_tele_altar
D:5:      minmay_bubble_buster, layout_basic, nicolae_overflow_quartered_altars,
          minmay_shop_mass
D:6:      nicolae_cairo_tiling_very_big, layout_gridville, uniq_pikel
D:7:      layout_loops_ring, lemuel_round_altar, mainiacjoe_overflow_chevrons
D:8:      layout_loops_ring, chequers_temple_overflow_statue_of_worship,
          hangedman_decor_riveting
D:9:      layout_layer_cave, kiku_gazebo_garden_becter, lair_entry_dummy,
          minmay_variable_closet, nicolae_elemental_shop,
          kb_lookout_dungeons_type, skrybe_limestone_x,
          kennysheep_generic_room_13
D:10:     layout_stronghold, nicolae_ru_sacrificial_ziggurat, hiddenorc2_lemuel
D:11:     layout_basic, minivault_16, uniq_maurice, uniq_grum, uniq_harold,
          uniq_gastronok
D:12:     layout_rooms, hangedman_decor_points
D:13:     layout_layer_cave, hangedman_vaults_entry_quadrant_bands, uniq_kirke
D:14:     layout_irregular_city, gauntlet_entry_generic,
          grunt_decor_mini_mirrors
D:15:     grunt_enter_depths_giant_problem, layout_loops_ring
Temple:   compressed_dpeg_triangle_lava_temple
Lair:1:   layout_cave_pods, portal_ice_cave_entry_pillars_2,
          chequers_serial_rivers_small_3
Lair:2:   layout_regular_city, grunt_megastairs_3
Lair:3:   layout_regular_city
Lair:4:   layout_cave_shapes, shoals_dummy_entry, guppyfry_snake_entry_garden,
          basic_altar, uniq_josephine
Lair:5:   layout_concentric_octagons, basic_altar
Lair:6:   hangedman_lair_tendril_chambers, layout_gridlike,
          hangedman_lair_caniforms_friends, slime_altar_1, special_room
          [special_room_jelly]
Shoals:1: layout_shoals, serial_shops, nicolae_shop_statue_plus, shop,
          nicolae_square_shop, shop, uniq_louise, uniq_jorgrun
Shoals:2: nicolae_shoals_island_circles, layout_shoals, gammafunk_ghost_grave
Shoals:3: layout_shoals, serial_shops, nicolae_square_shop,
          nicolae_stop_n_shop_1
Shoals:4: shoals_end_hellmonk_storm_palace [storm_palace_center_circular,
          storm_palace_corner_narrow, storm_palace_corner_blocked,
          storm_palace_corner_grid, storm_palace_corner_narrow],
          uniq_polyphemus, uniq_mara
Snake:1:  layout_gridlike
Snake:2:  layout_layer_cave, drop_trap, minmay_shop_grove, serial_bayou_shore_a,
          grunt_megastairs_5
Snake:3:  layout_layer_cave, nicolae_snake_linked_coils, minmay_shoptagon
Snake:4:  minmay_snake_end_coiled, layout_cave_town, lemuel_fruit_tree,
          minmay_shop_star
Orc:1:    layout_caves
Orc:2:    st_orc_elflike, layout_caves, biasface_ghost_orc_armoury,
          minmay_shop_mayhem, bloody_makhleb, uniq_erolcha, uniq_nessos
Elf:1:    eino_elf_arrival_the_gate, layout_loops_corners,
          nicolae_trove_entry_crystal, serial_shops, shop, minmay_elf_sorcery,
          hangedman_summoners_spam
Elf:2:    nicolae_elf_blades_crystal_corner, layout_geoelf_octagon, uniq_nikola,
          uniq_azrael
Elf:3:    grunt_elf_hall_diamonds, layout_onion_city, serial_shops, shop,
          minivault_4

Skill      XL: |  1  2  3  4  5  6  7  8  9 10 11 12 13 14 15 16 17 18 19 |
---------------+----------------------------------------------------------+-----
Fighting       | 4 5 6 7 9 10 11 13 15 17 19 20 21 22 | 22.4
Shields        | 4 5 6 8 10 11 13 14 15 17 19 21 23 24 25 | 25.2
Axes           | 3 4 5 6 8 9 11 13 15 17 18 19 | 19.7
Dodging        | 1 2 3 4 5 6 7 8 9 10 11 12 13 | 13.9
Evocations     | 1 2 |  2.6
Invocations    | 3 5 6 |  6.1
Throwing       | |  0.6
Armour         | |  3.6

Action                   |  1- 3 |  4- 6 |  7- 9 | 10-12 | 13-15 | 16-18 | 19-21 || total
-------------------------+-------+-------+-------+-------+-------+-------+-------++-------
Melee: War axe           |    81 |    74 |   270 |    12 |       |       |       ||   437
       Headbutt          |    13 |     7 |    43 |    76 |   154 |   335 |    21 ||   649
       Bite              |       |     6 |    26 |    55 |   111 |   170 |    14 ||   382
       Broad axe         |       |       |       |   432 |   718 |  1167 |   133 ||  2450
Throw: Boomerang         |     6 |     2 |     4 |     8 |     8 |     2 |       ||    30
Invok: Heroism           |       |       |       |     1 |     5 |    10 |       ||    16
       Finesse           |       |       |       |       |       |       |     1 ||     1
Evoke: Wand              |       |       |       |    26 |     9 |     9 |       ||    44
       Lightning rod     |       |       |       |       |       |     1 |       ||     1
       Piece from Xom's  |       |       |       |       |       |     1 |       ||     1
  Use: Scroll            |     7 |     3 |     6 |     9 |     3 |    11 |     3 ||    42
       Potion            |       |     3 |       |     5 |     7 |    19 |    10 ||    44
 Stab: Distracted        |       |       |       |       |     1 |       |       ||     1
       Petrified         |       |       |       |       |       |     1 |       ||     1
Armor: Scale mail        |    61 |    25 |    64 |       |       |       |       ||   150
       Plate armour      |       |       |    72 |   189 |   342 |   346 |    91 ||  1040
Dodge: Dodged            |    44 |    30 |    56 |    73 |   165 |   323 |    42 ||   733
Block: Buckler           |    26 |    44 |     1 |       |       |       |       ||    71
       Reflection        |       |     3 |     8 |    15 |       |       |       ||    26
       Tower shield      |       |       |   305 |   488 |   656 |  1230 |   184 ||  2863
       Kite shield       |       |       |       |       |       |    57 |       ||    57
